 Dungeon Crawl Stone Soup version 0.28.0 (webtiles) character file.

Game seed: 7786549929021427268

141 pkoi the Chopper (level 5, 0/66 HPs)
             Began as a Minotaur Gladiator on Feb 11, 2022.
             Was an Initiate of Gozag.
             Slain by Duvessa (12 damage)
             ... on level 4 of the Dungeon.
             The game lasted 00:03:25 (3291 turns).

pkoi the Chopper (Minotaur Gladiator)               Turns: 3291, Time: 00:03:26

Health: 0/66       AC:  4    Str: 21    XL:     5   Next: 3%
Magic:  4/4        EV: 12    Int:  5    God:    Gozag
Gold:   104        SH:  0    Dex: 11    Spells: 4/4 levels left

rFire   . . .      SeeInvis .   a - +0 war axe
rCold   . . .      Faith    .   m - orb {*Rage}
rNeg    . . .      Spirit   .   b - +0 leather armour
rPois   .          Reflect  .   c - +0 hat
rElec   .          Harm     .   (no cloak)
rCorr   .          Rampage  .   k - +0 pair of gloves
Will    .....      Rage     20% (no boots)
Stlth   ..........              (no amulet)
HPRegen 0.21/turn               (no ring)
MPRegen 0.09/turn               (no ring)

@: berserking, very quick
A: horns 2, retaliatory headbutt
a: Renounce Religion, Potion Petition, Call Merchant, Bribe Branch


You were on level 4 of the Dungeon.
You worshipped Gozag.
Gozag was aware of your devotion.
You visited 1 branch of the dungeon, and saw 4 of its levels.

You collected 142 gold pieces.
You paid 38 gold pieces to Gozag.

Inventory:

Hand Weapons
 a - a +0 war axe (weapon)
Missiles
 d - 3 throwing nets (quivered)
 g - 6 boomerangs
Armour
 b - a +0 leather armour (worn)
 c - a +0 hat (worn)
 k - a +0 pair of gloves (worn)
 m - an orb of wrath (worn)
Scrolls
 e - a scroll of identify {unknown}
 f - 2 scrolls of magic mapping {unknown}
 n - a scroll of blinking {unknown}
 o - a scroll of summoning
 p - 3 scrolls of immolation {unknown}
 q - a scroll of fear {unknown}
Potions
 h - a potion of flight {unknown}
 i - a potion of berserk rage {unknown}
 j - 3 potions of curing {unknown}
 l - a potion of attraction {unknown}


   Skills:
 + Level 2.8 Fighting
 * Level 6.6 Axes
 - Level 2.0 Throwing
 + Level 1.0 Armour
 - Level 3.2 Dodging


You had 4 spell levels left.
You didn't know any spells.
Your spell library contained the following spells:

 Spells                   Type           Power      Damage    Failure   Level
 Dazzling Flash           Conj/Hex       0%         N/A       88%         3
 Agony                    Necr           0%         N/A       100%        5
 Silence                  Hex/Air        0%         N/A       100%        5


Dungeon Overview and Level Annotations

Branches:
Dungeon (4/15)
 Temple: D:4-7

Altars:
Dithmenos
Gozag
Kikubaaqudgha
Vehumet

Annotations:
D:4 Dowan, Duvessa


Innate Abilities, Weirdness & Mutations

You have a pair of horns on your head.
You reflexively headbutt those who attack you in melee.


Message History

You continue putting on your orb of wrath.
Dowan closely misses you. Duvessa barely misses you.
You continue putting on your orb of wrath.
Dowan points at you and mumbles some strange words.
The puff of flame hits you! Duvessa barely misses you. You furiously retaliate!
You headbutt Duvessa, but do no damage.
You continue putting on your orb of wrath.
Dowan hits you with a +0 dagger.
* * * LOW HITPOINT WARNING * * *
Duvessa hits you with a +0 short sword!
* * * LOW HITPOINT WARNING * * *
You finish putting on your orb of wrath.
Unknown command.
You hit Duvessa but do no damage. You headbutt Duvessa, but do no damage.
You slash Dowan! Dowan hits you but does no damage. Duvessa closely misses you.
Dowan hits you with a +0 dagger.
* * * LOW HITPOINT WARNING * * *
Unknown command.
You slash Duvessa!
Duvessa is moderately wounded.
You hit Dowan.
Duvessa says, "My weaknesses are his strengths!"
Duvessa hits you with a +0 short sword.
* * * LOW HITPOINT WARNING * * *
Dowan barely misses you.
You hit Duvessa. You headbutt Duvessa, but do no damage.
Duvessa is moderately wounded.
You closely miss Dowan. Duvessa hits you with a +0 short sword.
* * * LOW HITPOINT WARNING * * *
Dowan hits you with a +0 dagger.
* * * LOW HITPOINT WARNING * * *
Unknown command.
A red film seems to cover your vision as you go berserk!
You feel yourself moving faster!
You feel mighty!
You slash Duvessa!
Duvessa is severely wounded.
You closely miss Dowan.
Duvessa says, "My weaknesses are his strengths!"
Duvessa hits you with a +0 short sword!
You die...
Your body crumbles into a pile of gold.

$ .#..#........
............
...........#
...........# ##
...........#...
...............
.......ee......
#@.......
#........
.........
##........
#........
.........
..#####.. .## $
#.


You could see Duvessa and Dowan.

Vanquished Creatures
  7 adders
  3 worms
  2 dart slugs
  9 ball pythons
  6 endoplasms
  4 giant cockroaches
  8 goblins
  7 hobgoblins
  3 jackals (D:2)
  5 kobolds
  3 bats
  A frilled lizard (D:3)
  7 rats
65 creatures vanquished.

Vanquished Creatures (others)
  A fungus (D:1)
1 creature vanquished.

Grand Total: 66 creatures vanquished

Notes
Turn   | Place    | Note
-------+----------+-------------------------------------------
     0 | D:1      | pkoi the Minotaur Gladiator began the quest for the Orb.
     0 | D:1      | Reached XP level 1. HP: 18/18 MP: 0/0
     8 | D:1      | Reached skill level 4 in Axes
    13 | D:1      | Reached XP level 2. HP: 20/25 MP: 1/1
   467 | D:1      | Found a faded altar of an unknown god.
   610 | D:1      | Reached skill level 5 in Axes
   701 | D:1      | Reached XP level 3. HP: 26/30 MP: 2/2
  1510 | D:2      | Reached skill level 6 in Axes
  1510 | D:2      | Reached XP level 4. HP: 19/37 MP: 3/3
  2657 | D:3      | Reached skill level 1 in Armour
  2740 | D:3      | Reached XP level 5. HP: 43/44 MP: 4/4
  3124 | D:3      | Found a radiant altar of Vehumet.
  3225 | D:3      | Found an ancient bone altar of Kikubaaqudgha.
  3225 | D:3      | Found a shadowy altar of Dithmenos.
  3232 | D:3      | Found an opulent altar of Gozag.
  3234 | D:3      | Found a faded altar of an unknown god.
  3235 | D:3      | Found a faded altar of an unknown god.
  3239 | D:3      | Became a worshipper of Gozag Ym Sagoz the Greedy
  3281 | D:4      | Noticed Duvessa
  3281 | D:4      | Noticed Dowan
  3291 | D:4      | Slain by Duvessa

Illustrated notes

Levels and vault maps discovered:
D:1:      dpeg_arrival_tiny_i, layout_basic,
          dreamdust_ecumenical_altar_hidden_monk_grotto
D:2:      minmay_wonky_spiral, layout_basic
D:3:      layout_loops_ring, mainiacjoe_overflow_alcove_4,
          chequers_temple_overflow_minitemple, serial_park_tiny_pond
D:4:      layout_cave_pools, lemuel_round_altar, minmay_fire_ice_demons,
          uniq_duvessa

Skill      XL: |  1  2  3  4 |
---------------+-------------+-----
Axes           | 4 5 6 |  6.6
Armour         | 1 |  1.0
Fighting       | |  2.8
Throwing       | |  2.0
Dodging        | |  3.2

Action                   |  1- 3 |  4- 6 || total
-------------------------+-------+-------++-------
Melee: War axe           |    82 |    61 ||   143
       Headbutt          |     4 |     8 ||    12
       Punch             |     1 |       ||     1
 Stab: Sleeping          |     2 |       ||     2
Armor: Leather armour    |    19 |    16 ||    35
Dodge: Dodged            |    55 |    37 ||    92
